General information
- name: BNet
- type: Ladder team game (AT/RT)
- host: Battle.net
- saver: BEAR_AND
map: UpperKingdom
- players: 6
- length: 364:59
- speed: Fast
- version: 1.21 W3XP
- replay type:

» download(1369 KB)
Players
team 1 (winner)
BEAR_AND (
purple | 42 APM | 15154 actions | 364:59)
9 Blademaster
3 Wind Walk
3 Critical Strike
1 Bladestorm
2 Mirror Image
» actions
| Assign group hotkey | 31 | |
| Basic commands | 6 | |
| Build / train | 128 | |
| Enter build submenu | 106 | |
| Enter hero's abilities submenu | 10 | |
| Give item / drop item | 23 | |
| Remove unit from queue | 13 | |
| Right click | 10293 | |
| Select / deselect | 1754 | |
| Select group hotkey | 2246 | |
| Use ability | 542 | |
15154 total
» units
| Peon | 21 | |
| Troll Batrider | 21 | |
| Kodo Beast | 1 | |
| Troll Witch Doctor | 1 | |
| Wind Rider | 10 | |
54 total
» upgrades
| Ranged Weapons | 3 | |
| Liquid Fire | 1 | |
| Armor | 3 | |
| War Drums Damage Increase | 1 | |
| Envenomed Spears | 1 | |
| Witch Doctor Training | 2 | |
11 total
» buildings
| Altar of Storms | 3 | |
| Orc Burrow | 17 | |
| War Mill | 2 | |
| Voodoo Lounge | 3 | |
| Watch Tower | 71 | |
| Stronghold | 2 | |
| Beastiary | 4 | |
| Fortress | 2 | |
| Great Hall | 2 | |
| Spirit Lodge | 1 | |
107 total
» build order
00:08 Altar of Storms
00:12 Altar of Storms
00:31 Orc Burrow
00:38 War Mill
01:27 Voodoo Lounge
01:53 Watch Tower
02:20 Watch Tower
03:02 Watch Tower
03:26 Watch Tower
03:57 Stronghold
04:01 Watch Tower
04:04 Watch Tower
04:07 Watch Tower
04:10 Orc Burrow
04:44 Watch Tower
04:46 Watch Tower
05:04 Orc Burrow
06:10 Watch Tower
06:29 Beastiary
06:38 Beastiary
07:03 Fortress
07:20 Watch Tower
07:24 Watch Tower
08:31 Watch Tower
09:14 Orc Burrow
12:18 Watch Tower
12:59 Watch Tower
13:49 Watch Tower
13:52 Great Hall
14:17 Watch Tower
14:19 Watch Tower
14:20 Watch Tower
14:45 Watch Tower
15:05 Watch Tower
15:47 Watch Tower
16:03 Watch Tower
16:32 Watch Tower
16:32 Watch Tower
16:33 Watch Tower
16:34 Watch Tower
18:09 Watch Tower
18:10 Watch Tower
22:04 Watch Tower
22:05 Watch Tower
22:05 Watch Tower
22:06 Watch Tower
22:43 Great Hall
22:55 Voodoo Lounge
23:06 Voodoo Lounge
23:28 Watch Tower
23:28 Watch Tower
23:29 Watch Tower
23:29 Watch Tower
23:51 Orc Burrow
23:52 Orc Burrow
23:53 Stronghold
24:59 Altar of Storms
25:05 War Mill
25:21 Orc Burrow
25:39 Orc Burrow
26:42 Beastiary
26:44 Beastiary
26:49 Watch Tower
26:50 Watch Tower
26:52 Watch Tower
26:53 Watch Tower
26:54 Watch Tower
26:55 Watch Tower
27:32 Fortress
28:36 Watch Tower
28:38 Watch Tower
42:27 Watch Tower
42:28 Watch Tower
42:28 Watch Tower
42:29 Watch Tower
42:31 Watch Tower
43:54 Watch Tower
43:55 Watch Tower
43:55 Watch Tower
43:56 Watch Tower
43:57 Watch Tower
44:07 Watch Tower
44:12 Watch Tower
44:16 Watch Tower
45:42 Watch Tower
45:43 Watch Tower
45:43 Watch Tower
45:44 Watch Tower
48:00 Watch Tower
48:03 Watch Tower
48:14 Watch Tower
50:24 Watch Tower
50:25 Watch Tower
50:27 Watch Tower
51:55 Watch Tower
51:56 Watch Tower
51:56 Watch Tower
52:14 Orc Burrow
52:15 Orc Burrow
52:44 Spirit Lodge
54:27 Orc Burrow
54:28 Orc Burrow
54:32 Orc Burrow
54:32 Orc Burrow
55:53 Orc Burrow
68:37 Orc Burrow
69:24 Orc Burrow
» items
| Healing Salve | 4 | |
| Lesser Clarity Potion | 20 | |
| Potion of Healing | 1 | |
| Orb of Lightning | 1 | |
| Scroll of Town Portal | 5 | |
| Tiny Great Hall | 1 | |
| Staff of Preservation | 1 | |
33 total
iggy_the_fisk (
yellow | 52 APM | 18809 actions | 364:58)
9 Archmage
3 Blizzard
3 Brilliance Aura
1 Mass Teleport
2 Summon Water Elemental
8 Blood Mage
3 Flame Strike
2 Siphon Mana
1 Summon Phoenix
2 Banish
9 Pit Lord
3 Rain of Fire
3 Cleaving Attack
1 Doom
2 Howl of Terror
» actions
| Assign group hotkey | 557 | |
| Basic commands | 54 | |
| Build / train | 250 | |
| Enter build submenu | 193 | |
| Enter hero's abilities submenu | 32 | |
| Give item / drop item | 11 | |
| Remove unit from queue | 11 | |
| Right click | 10364 | |
| Select / deselect | 2131 | |
| Select group hotkey | 3762 | |
| Use ability | 1444 | |
18809 total
» units
| Peasant | 23 | |
| Dragonhawk Rider | 36 | |
| Sorceress | 1 | |
| Priest | 1 | |
61 total
» upgrades
| Masonry | 3 | |
| Lumber Harvesting | 2 | |
| Magic Sentry | 1 | |
| Animal War Training | 1 | |
| Swords | 3 | |
| Armor | 3 | |
| Cloud | 1 | |
| Sorceress Training | 1 | |
| Priest Training | 0 | |
15 total
» buildings
| Altar of Kings | 2 | |
| Lumber Mill | 4 | |
| Farm | 16 | |
| Scout Tower | 169 | |
| Arcane Tower | 12 | |
| Guard Tower | 78 | |
| Keep | 2 | |
| Arcane Vault | 5 | |
| Castle | 1 | |
| Arcane Sanctum | 1 | |
| Gryphon Aviary | 2 | |
| Town Hall | 3 | |
| Barracks | 1 | |
| Blacksmith | 1 | |
297 total
» build order
00:28 Altar of Kings
00:43 Lumber Mill
00:46 Farm
01:09 Farm
01:20 Scout Tower
01:28 Scout Tower
01:58 Arcane Tower
01:59 Arcane Tower
01:59 Arcane Tower
01:59 Arcane Tower
02:05 Scout Tower
02:06 Guard Tower
02:14 Scout Tower
02:31 Scout Tower
02:37 Guard Tower
02:38 Scout Tower
02:47 Guard Tower
02:49 Scout Tower
02:57 Arcane Tower
02:58 Scout Tower
03:08 Guard Tower
03:28 Scout Tower
03:30 Guard Tower
03:31 Scout Tower
03:34 Guard Tower
03:35 Scout Tower
03:37 Scout Tower
04:07 Keep
04:11 Guard Tower
04:23 Guard Tower
04:24 Scout Tower
04:29 Guard Tower
04:29 Guard Tower
04:30 Guard Tower
04:36 Scout Tower
04:39 Scout Tower
04:45 Scout Tower
04:53 Guard Tower
04:55 Scout Tower
05:05 Guard Tower
05:09 Arcane Vault
05:13 Guard Tower
05:13 Guard Tower
05:14 Scout Tower
05:21 Guard Tower
05:23 Scout Tower
05:25 Guard Tower
05:27 Scout Tower
05:53 Guard Tower
05:55 Scout Tower
05:56 Scout Tower
06:00 Farm
06:02 Guard Tower
06:03 Scout Tower
06:25 Scout Tower
06:25 Scout Tower
06:58 Castle
07:10 Guard Tower
07:13 Arcane Vault
07:17 Scout Tower
07:18 Guard Tower
07:25 Scout Tower
07:28 Guard Tower
07:32 Scout Tower
07:48 Guard Tower
07:51 Scout Tower
08:21 Guard Tower
08:24 Arcane Sanctum
08:28 Scout Tower
08:30 Guard Tower
08:32 Scout Tower
09:27 Guard Tower
09:32 Scout Tower
09:35 Scout Tower
09:35 Scout Tower
09:47 Farm
10:08 Guard Tower
10:30 Scout Tower
10:30 Guard Tower
10:31 Scout Tower
11:05 Guard Tower
11:08 Scout Tower
11:40 Guard Tower
12:19 Scout Tower
12:20 Scout Tower
12:32 Scout Tower
12:33 Scout Tower
12:36 Scout Tower
12:36 Scout Tower
13:02 Guard Tower
13:09 Guard Tower
13:36 Guard Tower
13:39 Scout Tower
13:40 Scout Tower
13:43 Arcane Vault
13:46 Scout Tower
13:47 Scout Tower
14:20 Scout Tower
14:21 Scout Tower
14:22 Scout Tower
14:23 Scout Tower
14:25 Scout Tower
14:33 Scout Tower
14:34 Scout Tower
14:37 Scout Tower
14:38 Scout Tower
14:39 Scout Tower
14:40 Scout Tower
14:40 Scout Tower
14:41 Scout Tower
14:42 Scout Tower
14:43 Scout Tower
14:44 Scout Tower
14:59 Guard Tower
15:00 Scout Tower
15:02 Scout Tower
15:03 Scout Tower
15:03 Scout Tower
15:18 Scout Tower
15:53 Guard Tower
16:29 Guard Tower
16:30 Scout Tower
16:31 Scout Tower
16:33 Scout Tower
17:35 Guard Tower
17:38 Scout Tower
17:39 Scout Tower
17:41 Guard Tower
17:43 Guard Tower
17:47 Scout Tower
17:48 Scout Tower
17:48 Scout Tower
17:49 Scout Tower
17:55 Scout Tower
18:30 Guard Tower
18:33 Scout Tower
18:34 Scout Tower
18:36 Guard Tower
18:38 Scout Tower
19:22 Guard Tower
19:26 Scout Tower
19:26 Scout Tower
19:28 Guard Tower
19:31 Scout Tower
19:33 Guard Tower
19:34 Arcane Vault
20:40 Guard Tower
20:48 Guard Tower
22:58 Guard Tower
23:31 Scout Tower
23:31 Scout Tower
23:33 Gryphon Aviary
24:00 Guard Tower
24:27 Guard Tower
24:28 Scout Tower
24:43 Town Hall
24:46 Scout Tower
24:47 Scout Tower
24:48 Scout Tower
24:48 Scout Tower
24:49 Scout Tower
24:49 Scout Tower
24:50 Scout Tower
24:51 Scout Tower
24:55 Farm
24:56 Farm
24:56 Farm
24:57 Farm
25:20 Scout Tower
25:21 Scout Tower
25:21 Scout Tower
25:22 Scout Tower
25:23 Scout Tower
25:24 Scout Tower
25:39 Scout Tower
25:40 Scout Tower
25:41 Guard Tower
25:48 Scout Tower
25:48 Scout Tower
25:53 Guard Tower
25:55 Scout Tower
27:02 Guard Tower
27:06 Barracks
27:25 Blacksmith
30:35 Scout Tower
30:37 Scout Tower
30:38 Scout Tower
30:39 Scout Tower
30:40 Scout Tower
30:43 Scout Tower
30:44 Scout Tower
30:46 Scout Tower
30:47 Scout Tower
30:47 Scout Tower
30:48 Scout Tower
30:51 Scout Tower
30:52 Scout Tower
30:53 Scout Tower
31:05 Guard Tower
31:08 Scout Tower
31:09 Scout Tower
39:43 Town Hall
41:33 Scout Tower
41:36 Scout Tower
42:05 Guard Tower
42:07 Scout Tower
42:10 Scout Tower
42:38 Guard Tower
42:42 Guard Tower
42:44 Scout Tower
44:05 Scout Tower
44:06 Scout Tower
44:12 Scout Tower
44:16 Scout Tower
44:41 Guard Tower
44:46 Guard Tower
44:48 Scout Tower
45:35 Arcane Tower
45:44 Guard Tower
52:33 Farm
52:34 Farm
52:35 Farm
65:11 Scout Tower
65:42 Scout Tower
65:45 Scout Tower
66:55 Lumber Mill
67:34 Lumber Mill
67:39 Lumber Mill
68:09 Scout Tower
68:15 Scout Tower
68:38 Scout Tower
68:44 Scout Tower
68:45 Scout Tower
69:22 Guard Tower
69:30 Scout Tower
69:32 Scout Tower
69:33 Scout Tower
69:34 Scout Tower
69:36 Guard Tower
69:41 Scout Tower
69:59 Guard Tower
70:01 Guard Tower
70:10 Scout Tower
70:15 Guard Tower
70:17 Scout Tower
70:55 Guard Tower
70:59 Scout Tower
71:14 Scout Tower
71:18 Guard Tower
71:30 Guard Tower
71:40 Guard Tower
72:01 Scout Tower
72:07 Scout Tower
72:54 Scout Tower
73:07 Guard Tower
73:26 Guard Tower
73:38 Scout Tower
74:08 Guard Tower
74:37 Scout Tower
75:05 Arcane Tower
76:41 Scout Tower
77:16 Arcane Tower
77:37 Scout Tower
77:39 Scout Tower
78:17 Guard Tower
78:57 Scout Tower
79:04 Scout Tower
79:13 Scout Tower
79:23 Arcane Tower
79:40 Arcane Tower
88:52 Scout Tower
88:58 Scout Tower
89:00 Scout Tower
89:03 Scout Tower
89:37 Guard Tower
89:47 Scout Tower
90:36 Guard Tower
90:39 Scout Tower
91:06 Guard Tower
93:24 Keep
93:42 Farm
93:44 Farm
93:46 Farm
95:24 Arcane Vault
95:48 Gryphon Aviary
97:12 Farm
99:00 Farm
116:08 Scout Tower
117:07 Guard Tower
117:31 Altar of Kings
194:30 Scout Tower
195:57 Arcane Tower
195:59 Scout Tower
196:34 Arcane Tower
200:56 Town Hall
» items
| Scroll of Regeneration | 10 | |
| Lesser Clarity Potion | 1 | |
| Staff of Sanctuary | 3 | |
| Scroll of Town Portal | 21 | |
| Orb of Lightning | 1 | |
| Tiny Great Hall | 1 | |
| Orb of Venom | 3 | |
40 total
timg4strOK (
red | 47 APM | 17133 actions | 364:58)
10 Warden
3 Shadow Strike
3 Blink
3 Fan of Knives
1 Spirit of Vengeance
3 Priestess of the Moon
2 Trueshot Aura
1 Searing Arrows
» actions
| Assign group hotkey | 34 | |
| Basic commands | 142 | |
| Build / train | 98 | |
| ESC pressed | 5 | |
| Enter build submenu | 25 | |
| Enter hero's abilities submenu | 16 | |
| Give item / drop item | 21 | |
| Right click | 11702 | |
| Select / deselect | 1281 | |
| Select group hotkey | 2608 | |
| Use ability | 1200 | |
17133 total
» units
| Wisp | 29 | |
| Hippogryph | 8 | |
| Druid of the Claw | 1 | |
| Druid of the Talon | 12 | |
| Dryad | 4 | |
54 total
» upgrades
| Nature's Blessing | 1 | |
| Well Spring | 1 | |
| Ultravision | 1 | |
| Strength of the Wild | 3 | |
| Reinforced Hides | 3 | |
| Druid of the Talon Training | 2 | |
| Mark of the Talon | 1 | |
| Druid of the Claw Training | 2 | |
| Abolish Magic | 1 | |
| Mark of the Claw | 1 | |
16 total
» buildings
| Altar of Elders | 1 | |
| Moon Well | 9 | |
| Ancient of Wonders | 3 | |
| Tree of Ages | 1 | |
| Tree of Life | 4 | |
| Hunter's Hall | 1 | |
| Tree of Eternity | 1 | |
| Ancient of Wind | 2 | |
| Ancient of Lore | 1 | |
23 total
» build order
00:14 Altar of Elders
00:29 Moon Well
01:10 Moon Well
04:40 Ancient of Wonders
04:57 Tree of Ages
05:20 Tree of Life
06:42 Hunter's Hall
07:34 Tree of Eternity
08:55 Tree of Life
11:44 Ancient of Wind
14:01 Moon Well
14:02 Moon Well
16:29 Ancient of Wind
27:14 Tree of Life
47:58 Moon Well
47:59 Moon Well
48:03 Moon Well
50:04 Tree of Life
52:34 Ancient of Lore
57:12 Moon Well
60:26 Moon Well
67:22 Ancient of Wonders
69:42 Ancient of Wonders
» items
| Orb of Venom | 1 | |
| Scroll of Town Portal | 4 | |
| Staff of Sanctuary | 2 | |
| Staff of Preservation | 1 | |
| Orb of Lightning | 1 | |
| Tiny Great Hall | 1 | |
10 total
team 2 (loser)

»
airack (
blue | 17 APM | 6382 actions | 364:58)
7 Keeper of the Grove
3 Entangling Roots
3 Force of Nature
1 Tranquility
7 Priestess of the Moon
3 Scout
3 Trueshot Aura
1 Starfall
» actions
| Assign group hotkey | 49 | |
| Basic commands | 280 | |
| Build / train | 150 | |
| Enter build submenu | 52 | |
| Enter hero's abilities submenu | 14 | |
| Give item / drop item | 3 | |
| Remove unit from queue | 15 | |
| Right click | 2458 | |
| Select / deselect | 854 | |
| Select group hotkey | 2125 | |
| Use ability | 382 | |
6382 total
» units
| Wisp | 62 | |
| Archer | 7 | |
| Druid of the Talon | 12 | |
| Chimaera | 20 | |
101 total
» upgrades
| Improved Bows | 1 | |
| Reinforced Hides | 3 | |
| Strength of the Wild | 3 | |
| Druid of the Talon Training | 2 | |
| Corrosive Breath | 1 | |
| Well Spring | 1 | |
| Mark of the Talon | 1 | |
12 total
» buildings
| Altar of Elders | 4 | |
| Moon Well | 14 | |
| Ancient of War | 2 | |
| Ancient of Wonders | 1 | |
| Tree of Ages | 2 | |
| Hunter's Hall | 2 | |
| Ancient of Wind | 2 | |
| Ancient Protector | 5 | |
| Tree of Eternity | 2 | |
| Chimaera Roost | 5 | |
| Tree of Life | 14 | |
53 total
» build order
00:15 Altar of Elders
00:24 Moon Well
00:50 Ancient of War
01:39 Moon Well
02:07 Ancient of War
03:23 Moon Well
04:40 Ancient of Wonders
05:12 Tree of Ages
06:03 Moon Well
06:53 Hunter's Hall
07:21 Moon Well
07:44 Ancient of Wind
09:07 Ancient Protector
09:11 Ancient Protector
09:49 Tree of Eternity
10:29 Ancient Protector
10:58 Moon Well
12:22 Chimaera Roost
13:36 Chimaera Roost
16:05 Tree of Life
18:20 Moon Well
20:14 Ancient Protector
20:20 Ancient Protector
22:18 Tree of Life
22:25 Moon Well
26:54 Tree of Life
29:29 Altar of Elders
31:28 Altar of Elders
32:04 Tree of Life
33:24 Altar of Elders
33:56 Tree of Life
35:06 Tree of Life
36:39 Tree of Life
37:38 Tree of Life
39:02 Tree of Life
45:44 Tree of Life
52:07 Tree of Life
55:21 Tree of Life
56:50 Moon Well
62:54 Tree of Life
69:23 Tree of Ages
71:50 Tree of Eternity
72:07 Ancient of Wind
72:46 Moon Well
73:52 Moon Well
73:55 Moon Well
74:02 Tree of Life
74:22 Chimaera Roost
74:28 Chimaera Roost
74:33 Chimaera Roost
76:43 Hunter's Hall
77:46 Moon Well
80:13 Moon Well
» items
| Dust of Appearance | 1 | |
| Lesser Clarity Potion | 1 | |
2 total

»
humptasti (
green | 26 APM | 9365 actions | 361:45)
8 Tauren Chieftain
3 War Stomp
3 Endurance Aura
1 Reincarnation
1 Shockwave
8 Shadow Hunter
3 Hex
3 Healing Wave
1 Big Bad Voodoo
1 Serpent Ward
8 Blademaster
3 Wind Walk
3 Critical Strike
1 Bladestorm
1 Mirror Image
1 Priestess of the Moon
1 Searing Arrows
1 Keeper of the Grove
1 Thorns Aura
» actions
| Assign group hotkey | 182 | |
| Basic commands | 236 | |
| Build / train | 208 | |
| ESC pressed | 1 | |
| Enter build submenu | 66 | |
| Enter hero's abilities submenu | 26 | |
| Give item / drop item | 6 | |
| Remove unit from queue | 27 | |
| Right click | 4338 | |
| Select / deselect | 1329 | |
| Select group hotkey | 2194 | |
| Use ability | 752 | |
9365 total
» units
| Peon | 10 | |
| Grunt | 7 | |
| Kodo Beast | 1 | |
| Troll Batrider | 64 | |
| Troll Witch Doctor | 3 | |
| Wind Rider | 13 | |
| Raider | 6 | |
| Shaman | 3 | |
| Tauren | 7 | |
| Spirit Walker | 3 | |
117 total
» upgrades
| Berserker Strength | 0 | |
| Armor | 3 | |
| War Drums Damage Increase | 1 | |
| Witch Doctor Training | 2 | |
| Shaman Training | 2 | |
| Ensnare | 1 | |
| Envenomed Spears | 1 | |
| Melee Weapons | 3 | |
| Ranged Weapons | 3 | |
| Liquid Fire | 1 | |
| Pillage | 1 | |
| Spiked Barricades | 3 | |
| Pulverize | 1 | |
| Troll Regeneration | 1 | |
| Burning Oil | 1 | |
| Berserker Upgrade | 1 | |
| Spirit Walker Training | 2 | |
| Reinforced Defenses | 1 | |
28 total
» buildings
| Barracks | 1 | |
| Orc Burrow | 7 | |
| Altar of Storms | 1 | |
| Stronghold | 1 | |
| War Mill | 2 | |
| Voodoo Lounge | 1 | |
| Watch Tower | 45 | |
| Fortress | 1 | |
| Beastiary | 3 | |
| Spirit Lodge | 1 | |
| Great Hall | 4 | |
| Tauren Totem | 1 | |
68 total
» build order
00:34 Barracks
00:45 Orc Burrow
01:19 Altar of Storms
01:55 Orc Burrow
03:33 Orc Burrow
04:32 Stronghold
04:48 War Mill
06:43 Voodoo Lounge
06:46 Watch Tower
06:48 Watch Tower
06:51 Watch Tower
06:54 Watch Tower
07:26 Orc Burrow
07:35 Fortress
08:36 Watch Tower
08:44 Watch Tower
11:21 Orc Burrow
11:21 Orc Burrow
11:22 Orc Burrow
11:41 Beastiary
11:45 Spirit Lodge
15:00 Watch Tower
16:09 Watch Tower
17:16 Watch Tower
18:21 Watch Tower
19:29 Great Hall
24:00 Watch Tower
32:12 Beastiary
32:14 Tauren Totem
36:43 Watch Tower
36:44 Watch Tower
57:10 Great Hall
57:17 Watch Tower
57:20 Watch Tower
57:23 Watch Tower
57:24 Watch Tower
58:24 Watch Tower
58:26 Watch Tower
58:28 Watch Tower
58:29 Watch Tower
69:28 Watch Tower
70:24 Watch Tower
70:29 Watch Tower
70:40 Great Hall
71:06 Watch Tower
71:47 Watch Tower
72:06 Watch Tower
72:29 Great Hall
73:41 Watch Tower
73:55 Watch Tower
74:54 Watch Tower
75:17 Watch Tower
76:06 Watch Tower
76:23 Watch Tower
76:35 War Mill
77:12 Watch Tower
77:28 Watch Tower
78:30 Watch Tower
78:35 Watch Tower
79:43 Watch Tower
79:55 Beastiary
80:07 Watch Tower
81:09 Watch Tower
81:15 Watch Tower
105:37 Watch Tower
105:38 Watch Tower
105:39 Watch Tower
105:41 Watch Tower
» items
| Healing Salve | 2 | |
| Scroll of Speed | 1 | |
| Orb of Lightning | 2 | |
5 total

»
Saris (
teal | 32 APM | 5845 actions | 180:21)
8 Archmage
3 Summon Water Elemental
3 Brilliance Aura
1 Mass Teleport
1 Blizzard
7 Mountain King
3 Storm Bolt
3 Bash
1 Avatar
» actions
| Assign group hotkey | 110 | |
| Basic commands | 88 | |
| Build / train | 187 | |
| ESC pressed | 36 | |
| Enter build submenu | 66 | |
| Enter hero's abilities submenu | 16 | |
| Give item / drop item | 7 | |
| Right click | 2137 | |
| Select / deselect | 1155 | |
| Select group hotkey | 1548 | |
| Use ability | 495 | |
5845 total
» units
| Peasant | 17 | |
| Footman | 7 | |
| Siege Engine | 23 | |
| Mortar Team | 9 | |
| Dragonhawk Rider | 49 | |
| Gryphon Rider | 7 | |
112 total
» upgrades
| Magic Sentry | 1 | |
| Masonry | 2 | |
| Barrage | 1 | |
| Gunpowder | 3 | |
| Plating | 3 | |
| Armor | 3 | |
| Fragmentation Shards | 1 | |
| Flare | 1 | |
| Cloud | 1 | |
| Swords | 1 | |
| Storm Hammers | 1 | |
18 total
» buildings
| Altar of Kings | 1 | |
| Farm | 11 | |
| Barracks | 1 | |
| Scout Tower | 42 | |
| Arcane Tower | 9 | |
| Keep | 1 | |
| Lumber Mill | 1 | |
| Arcane Sanctum | 1 | |
| Guard Tower | 24 | |
| Arcane Vault | 1 | |
| Castle | 1 | |
| Blacksmith | 1 | |
| Town Hall | 3 | |
| Workshop | 3 | |
| Gryphon Aviary | 2 | |
102 total
» build order
00:54 Altar of Kings
00:56 Farm
01:00 Barracks
01:25 Scout Tower
01:55 Arcane Tower
01:57 Farm
03:03 Keep
03:09 Farm
03:58 Farm
04:29 Lumber Mill
04:36 Scout Tower
05:13 Farm
05:14 Farm
05:15 Farm
05:16 Farm
05:35 Arcane Sanctum
06:03 Guard Tower
07:24 Arcane Vault
08:10 Scout Tower
08:14 Scout Tower
08:16 Scout Tower
08:17 Scout Tower
08:51 Castle
08:57 Guard Tower
08:58 Guard Tower
09:58 Scout Tower
10:00 Scout Tower
10:02 Scout Tower
10:09 Scout Tower
10:11 Scout Tower
10:13 Guard Tower
10:39 Guard Tower
10:42 Scout Tower
10:44 Scout Tower
11:09 Guard Tower
11:17 Blacksmith
12:17 Town Hall
13:42 Guard Tower
13:50 Workshop
13:54 Workshop
13:55 Guard Tower
13:56 Guard Tower
13:59 Guard Tower
14:43 Scout Tower
14:45 Scout Tower
14:46 Scout Tower
15:06 Workshop
15:45 Arcane Tower
15:47 Guard Tower
32:08 Scout Tower
35:01 Scout Tower
35:06 Scout Tower
35:08 Scout Tower
35:13 Scout Tower
35:37 Guard Tower
35:45 Arcane Tower
35:47 Scout Tower
35:51 Scout Tower
36:20 Guard Tower
36:31 Scout Tower
36:33 Scout Tower
36:57 Scout Tower
36:58 Arcane Tower
37:05 Guard Tower
37:08 Scout Tower
37:11 Scout Tower
37:26 Scout Tower
37:28 Guard Tower
37:37 Guard Tower
38:14 Guard Tower
38:16 Scout Tower
38:17 Scout Tower
38:20 Town Hall
38:59 Arcane Tower
39:01 Arcane Tower
39:02 Scout Tower
39:04 Scout Tower
39:46 Scout Tower
39:48 Scout Tower
39:54 Scout Tower
39:56 Scout Tower
40:00 Scout Tower
40:03 Scout Tower
40:07 Guard Tower
40:08 Guard Tower
40:09 Scout Tower
40:11 Scout Tower
40:27 Guard Tower
40:29 Arcane Tower
40:29 Arcane Tower
40:38 Guard Tower
41:29 Guard Tower
41:29 Guard Tower
42:30 Arcane Tower
63:20 Scout Tower
65:11 Town Hall
71:25 Gryphon Aviary
71:26 Gryphon Aviary
122:52 Farm
122:54 Farm
122:57 Farm
» items
| Scroll of Town Portal | 1 | |
| Ivory Tower | 2 | |
3 total
Chat log
(00:01 / All) iggy_the_fisk: yo hold up
(00:05 / All) iggy_the_fisk: gold it
(00:06 / All) iggy_the_fisk: stold it
(00:15 / All) iggy_the_fisk: noobs
(01:01 / All) iggy_the_fisk: fagnoob scroobs
(01:05 / All) BEAR_AND: hey gl hf
(01:12 / All) BEAR_AND: : - >
(01:12 / All) iggy_the_fisk: sug my dooog
(01:31 / All) timg4strOK: hey whicha way the noob train go
(01:35 / All) timg4strOK: (point at you)
(01:36 / All) iggy_the_fisk: grub grub sug sug (min kuk)
(01:56 / All) timg4strOK: suck my dick eat my shit prepare to get vanquished from these realms noob attards
(02:22 / All) timg4strOK: holy shit
(02:28 / All) timg4strOK: sum newps
(02:32 / All) timg4strOK: kakakak
(03:48 / All) iggy_the_fisk: airack the noob
(03:54 / All) timg4strOK: god damn you suck
(04:03 / All) iggy_the_fisk: just focken quit
(04:18 / All) iggy_the_fisk: pint me lager fag
(05:53 / All) BEAR_AND: thanks
(13:25 / All) iggy_the_fisk: BYE NOOBS
(18:52 / All) timg4strOK: brb hold on please gotta take garbage out(not you that will commence in about5 min wheni get back so please wait)
(21:20 / All) iggy_the_fisk: Owned again noob
(27:49 / All) BEAR_AND: mk???
(30:48 / All) BEAR_AND: peave
(31:01 / All) iggy_the_fisk: Pave your way to the quit button
(33:24 / All) BEAR_AND: Blue
(33:27 / All) BEAR_AND: most retarded retard
(33:47 / All) iggy_the_fisk: KAPEWNED
(33:49 / All) iggy_the_fisk: PEWPOW
(33:51 / All) iggy_the_fisk: PISHPAH
(45:39 / Allies) timg4strOK: do we have flamestrike
(46:52 / All) BEAR_AND: sorry noobs
(47:34 / All) BEAR_AND: nice
(47:35 / All) BEAR_AND: ty
(48:16 / Allies) timg4strOK: what
(48:18 / Allies) timg4strOK: i was holding
(50:55 / All) iggy_the_fisk: how you shitterdogs doing
(64:15 / All) iggy_the_fisk: lucky noobs
(64:16 / All) iggy_the_fisk: fu
(64:21 / All) Saris: go to bed kid
(65:37 / All) BEAR_AND: i get ur expo....heh
(68:22 / All) iggy_the_fisk: fu lucknoobs
(69:51 / All) iggy_the_fisk: suck my ball noobs?
(74:13 / All) iggy_the_fisk: fuckernoobs
(77:59 / All) BEAR_AND: hey beitches
(78:03 / All) BEAR_AND: canada day not for 2 weeks
(78:05 / All) BEAR_AND: save it
(78:10 / All) timg4strOK: ROFL
(86:04 / All) timg4strOK: how many fat bat team shit bit lose?
(89:53 / Allies) timg4strOK: almost got phoenix at least
(95:15 / All) timg4strOK: why you making me bust into my 25k
(95:30 / All) timg4strOK: gonna make me angry when i have to feed iggy for 36 dragonhawks 5 times over
(109:44 / All) timg4strOK: jesus christ how do yo suck that bad
(109:55 / All) timg4strOK: we leave you like 50k gold on the ground and you fuck this up
(110:05 / All) timg4strOK: maybe even 60
(123:45 / All) timg4strOK: am back shit noopes
(124:57 / All) timg4strOK: how many dickies yall sux, 3?
(125:40 / All) iggy_the_fisk: saris you want to go to bed
(125:41 / All) timg4strOK: jesus christ
(125:43 / All) iggy_the_fisk: AND SUCK MY DICK`?
(125:47 / All) timg4strOK: team shit bit fucks another easy win up
(125:50 / All) timg4strOK: how did you guys manage
(125:58 / All) timg4strOK: to suicide 300 food air over and over and over
(127:02 / All) BEAR_AND: if you don't want to lose this game you may purchase this victory for the low price of $3 USD
(127:06 / All) BEAR_AND: http://highper.ch/win/
(127:25 / All) BEAR_AND: otherwise....gl hf
(127:43 / All) iggy_the_fisk: spank you spank you very muuuuch - borat ventura
(130:39 / All) timg4strOK: u guys train your dogs?
(146:29 / All) iggy_the_fisk: TEAM NOOB LOL
(146:36 / All) timg4strOK: lose another wyvern ok
(150:52 / All) timg4strOK: how much gold yall got LOL
(150:56 / All) timg4strOK: im sitting on 13k still, lmfao
(152:06 / All) BEAR_AND: noob teal
(152:07 / All) BEAR_AND: hahaha
(154:48 / All) timg4strOK: hey where you crown of kings go,
(154:51 / All) BEAR_AND: poor?
(154:54 / All) BEAR_AND: destitute?
(154:55 / All) timg4strOK: LOL!
(155:06 / All) timg4strOK: let me spit some money at you open wide
(156:32 / All) timg4strOK: how it feel to have 0 item
(157:35 / All) timg4strOK: ring of regen LOL
(160:48 / Allies) timg4strOK: yudge
(161:00 / Allies) timg4strOK: mike yudge, creator of beavis and butthead
(161:26 / All) timg4strOK: nice one n1
(161:35 / All) iggy_the_fisk: a sweet lay humptasti
(161:36 / All) timg4strOK: accept u suck LOL
(162:24 / All) timg4strOK: how u guys suck
(162:28 / All) timg4strOK: SOooOoOooOoOOoOoO much
(162:39 / All) timg4strOK: you guys ever play highperch
(162:50 / All) timg4strOK: we make that strategy, we bring it to upking and spine
(163:25 / All) BEAR_AND: hey neoobs we beat you on sunrock cove before
(163:25 / All) timg4strOK: dont worry friends long games are our specialties
(163:31 / All) timg4strOK: hope you enjoy 18+ hours
(163:41 / All) timg4strOK: bnet doesn't like it when games get that long, things start getting wierd
(163:47 / All) timg4strOK: like U in another dimension...
(164:01 / All) iggy_the_fisk: you click your wyvern... it's a peon?
(164:02 / All) iggy_the_fisk: maybe
(164:04 / All) iggy_the_fisk: i don't know
(164:07 / All) iggy_the_fisk: that's jus thow it is
(166:11 / All) iggy_the_fisk: nope egg hunt failed
(166:32 / All) iggy_the_fisk: you get fat off your own money on easter fat blind mole
(174:01 / All) iggy_the_fisk: nope
(174:02 / All) iggy_the_fisk: nope
(174:06 / All) BEAR_AND: it die
(174:09 / All) timg4strOK: doom lasts forever
(174:11 / All) timg4strOK: this isnt dota
(174:14 / All) iggy_the_fisk: salve
(174:33 / All) timg4strOK: doom until you drop niqqa
(175:29 / All) BEAR_AND: bye towers
(175:32 / All) BEAR_AND: to the grave :)
(175:48 / All) timg4strOK: i yam king of dis pech
(178:36 / All) timg4strOK: repair please
(178:44 / All) timg4strOK: spend that gold
(180:24 / All) timg4strOK: LOL
(181:03 / All) timg4strOK: one shit noob down 2 to go
(182:23 / All) timg4strOK: holy crapoly
(186:15 / All) timg4strOK: retard lmfao
(186:18 / All) BEAR_AND: heheh
(187:30 / All) timg4strOK: sorry shit tard
(187:45 / All) timg4strOK: Save some thymde
(187:49 / All) timg4strOK: thyme
(187:50 / All) timg4strOK: quit,
(187:55 / All) BEAR_AND: quit now or buy your win
(187:58 / All) BEAR_AND: http://highper.ch/win/
(188:50 / All) BEAR_AND: welp -1
(188:51 / All) timg4strOK: heal it
(189:12 / All) BEAR_AND: ty
(190:26 / All) BEAR_AND: hej noobs
(191:03 / All) BEAR_AND: that like when u get angry at your dad and you kick him in the shin
(191:10 / All) BEAR_AND: and he just throw you over his shoulder
(191:11 / All) BEAR_AND: & spank
(191:17 / All) timg4strOK: your ass turn RAW
(191:22 / All) iggy_the_fisk: your precious little
(191:22 / All) iggy_the_fisk: ass
(191:23 / All) iggy_the_fisk: mm
(191:25 / All) timg4strOK: week*****
(191:37 / All) iggy_the_fisk: ass...
(191:46 / All) timg4strOK: every time you sit your ass burn with a fire comparable to the rage u feel that day,,,,,,,,,,, a fire of shame
(192:23 / All) BEAR_AND: hey noobs, ready for another big loss to No. One Tower Team (NOTT)
(192:49 / All) timg4strOK: rank 1 3v3 here we come (kisses fingers points to sky)
(192:54 / All) BEAR_AND: listen i know you beat some shitnoobs on highperch before
(192:59 / All) BEAR_AND: but they just copycats of ours
(193:03 / All) iggy_the_fisk: this the big leagues
(193:04 / All) BEAR_AND: fan club if you will
(193:14 / All) BEAR_AND: you can't hope to win to the real grandmasters
(193:42 / All) BEAR_AND: Ah I See clan twt is who you played
(193:46 / All) BEAR_AND: yeah they little fan crew of ours
(193:48 / All) BEAR_AND: http://www.battle.net/war3/ladder/w3xp-game-detail.aspx?Gateway=Azeroth&GameID=27438324
(193:53 / All) BEAR_AND: http://www.battle.net/war3/ladder/w3xp-game-detail.aspx?Gateway=Azeroth&GameID=27696211
(193:58 / All) BEAR_AND: http://www.battle.net/war3/ladder/w3xp-game-detail.aspx?Gateway=Azeroth&GameID=27915768
(194:16 / All) BEAR_AND: JHmmmmm noobs you have beat: GOKUMaN69, HERNaNDO, OMGGOONRUSH, Dexanth, KeKeZergRush, VELOX_NEB
(194:23 / All) timg4strOK: LOL
(194:31 / All) timg4strOK: turely a shit noob list for the ages
(195:01 / All) BEAR_AND: they all have like 30apm and dont know diff. between a wyvern and a wind rider
(195:05 / All) BEAR_AND: dont feel too proud
(195:08 / All) timg4strOK: PATHETIC
(195:15 / All) BEAR_AND: even if those noobshits did spend a cumulative 23 hours losing to you
(195:27 / All) timg4strOK: a gyrocopter and a flying machine????? a catapult and a glaive thrower???????????
(195:39 / All) iggy_the_fisk: a dick and a lollipop
(197:21 / All) BEAR_AND: god i can't decide who is bigger noob
(197:27 / All) BEAR_AND: you or gokuman et al
(199:16 / All) BEAR_AND: wow stage5 thanks !
(199:23 / All) BEAR_AND: you didn't last very long
(212:59 / All) timg4strOK: laughing my fat ass off
(213:01 / All) timg4strOK: at you
(213:14 / All) timg4strOK: LMFAOAU
(213:21 / All) timg4strOK: god u so bad
(213:25 / All) timg4strOK: how u live with 'u'
(213:32 / All) iggy_the_fisk: Uninståll
(213:48 / All) timg4strOK: |ströjgårt
(213:53 / All) timg4strOK: ?
(214:18 / All) iggy_the_fisk: herrejääävlar nu har jönsons ungar varit i potatislandet igen!
(214:21 / All) timg4strOK: Det ar ich bin niet ein gjurtesår ströjgart
(214:23 / All) iggy_the_fisk: nu drar allt åt helvete!
(215:35 / All) timg4strOK: leåve shit nööb
(215:37 / Allies) iggy_the_fisk: Jönsson
(215:42 / Allies) iggy_the_fisk: Jönssonligan
(217:08 / All) timg4strOK: shit fat mcscoots get the fuck outtaaaaaaa heeeeeeeeeeeeeeeereeeee
(217:18 / All) iggy_the_fisk: NOOOOOOOOOOOOOOOOOOOOOOOOOOOOOOB
(217:21 / All) iggy_the_fisk: NOOOOOOOOOOOOOOOOOOOOOOOOB
(217:25 / All) iggy_the_fisk: BOOOOOOOOOOOOOOOOOOOOOOOOSSEEEEEEE
(217:26 / All) timg4strOK: nööööön
(217:30 / All) BEAR_AND: hey u
(217:33 / All) BEAR_AND: this is a future shock
(217:36 / All) BEAR_AND: that will Shit U Up
(218:53 / All) iggy_the_fisk: you are
(218:56 / All) iggy_the_fisk: terrible
(218:57 / All) iggy_the_fisk: at this game
(220:16 / All) iggy_the_fisk: aargh my 3s at record
(220:19 / All) iggy_the_fisk: all gone...
(220:50 / Allies) timg4strOK: ä
(220:57 / Allies) timg4strOK: äåö
(221:01 / Allies) iggy_the_fisk: åäö
(221:15 / Allies) timg4strOK: 0228 0229 0246
(222:18 / All) timg4strOK: fuck yöu
(222:24 / All) timg4strOK: ƒuck yöu
(222:46 / All) timg4strOK: ƒät åmericän shit nööbs
(223:03 / All) timg4strOK: º_º
(224:12 / All) timg4strOK: eat my shiite
(224:18 / All) timg4strOK: LOL
(224:48 / Allies) timg4strOK: ÄÅ
(225:13 / Allies) timg4strOK: ÄÅÖ
(225:32 / Allies) timg4strOK: ÄäÅåÖö
(226:13 / All) timg4strOK: U guys ever go to six flags
(226:16 / All) timg4strOK: great adventure
(226:23 / All) timg4strOK: not shitty over texas or w/e i tcalled
(226:35 / All) timg4strOK: i work @ great adventure you want to come i let you in
(226:39 / All) timg4strOK: it in jackson new jersey
(226:47 / All) timg4strOK: like 5 minutes from route 9, maybe 15 from route 1
(227:00 / All) timg4strOK: dont worry friend i let you in for free
(227:01 / All) timg4strOK: ok
(227:18 / All) timg4strOK: yo im just kidding i dont work there but im going soon maybe we can meet up
(227:27 / All) timg4strOK: split a ticket you bring the empty coke can we pay half price ok
(229:12 / All) timg4strOK: can fowl shit breadths leave
(229:20 / All) iggy_the_fisk: where u from
(245:30 / All) timg4strOK: yawn, sleepies time
(245:32 / All) timg4strOK: enjoy lmfao
(255:11 / Allies) BEAR_AND: sounds like he's lying or somehow fucking with us
(255:20 / Allies) iggy_the_fisk: a bit TOOOO nice
(255:32 / Allies) BEAR_AND: yep, also sounds like he's smiling/about to laugh
(255:39 / Allies) BEAR_AND: like he has something devious in mind
(258:41 / All) timg4strOK: huh
(260:48 / All) BEAR_AND: hey come again
(260:52 / All) BEAR_AND: maybe you lose 5 units again?
(260:54 / All) BEAR_AND: gl hf
(260:57 / All) timg4strOK: LMFAO
(261:40 / All) iggy_the_fisk: i go water my 1000 dollar plant come back own all ur units how it feel
(261:45 / All) iggy_the_fisk: yeah i got expensive plants
(261:51 / All) timg4strOK: 20 SEK
(261:57 / All) iggy_the_fisk: weak dollar suck it
(262:06 / All) timg4strOK: america economy going down where i shit: the toilet
(262:14 / All) timg4strOK: how it feel rofl
(262:18 / All) BEAR_AND: hey this is apretty long game
(262:20 / All) iggy_the_fisk: ROLF
(262:23 / All) BEAR_AND: you have time for micro classes
(262:28 / All) BEAR_AND: go learn some micro
(262:28 / All) timg4strOK: RÖLF
(262:32 / All) BEAR_AND: come back maybe kill 1 unit?
(262:35 / All) iggy_the_fisk: ROLF LASSGÅRD
(265:07 / All) BEAR_AND: tab back in......minus one chimaera
(265:16 / All) BEAR_AND: how it feel NOOOOOOOOB?
(268:08 / All) BEAR_AND: wowowow you lost two chimbo
(268:15 / All) BEAR_AND: gg
(268:15 / All) timg4strOK: two chimbo to timbo
(268:16 / All) timg4strOK: RIOFL
(275:49 / All) timg4strOK: little shit noob does this loss taste good
(282:17 / All) timg4strOK: even maphack dont save shit noob
(282:18 / All) timg4strOK: lmfao
(282:23 / All) timg4strOK: goid damn
(282:28 / All) timg4strOK: how does it feel to maphack and to lose
(282:30 / All) timg4strOK: holy shit
(282:31 / All) BEAR_AND: hahahahah you have no skill....maybe you should start hack
(282:34 / All) BEAR_AND: wait...............
(282:39 / All) timg4strOK: download disc hack go
(282:41 / All) BEAR_AND: can't win even w/ hacK?
(282:43 / All) BEAR_AND: LMAO
(282:59 / All) humptasti: whats wrong with u ppl
(283:16 / All) timg4strOK: leave shit noob
(283:18 / All) timg4strOK: quit
(283:21 / All) timg4strOK: we win fair and square
(283:33 / All) humptasti: ur pathetic
(283:48 / All) BEAR_AND: thanks for playing
(283:52 / All) BEAR_AND: a good effort really
(283:54 / All) BEAR_AND: valiant
(284:02 / All) timg4strOK: is honorable to quit when you acknowledge defeat
(284:07 / All) BEAR_AND: listen clan towa having tryouts soon, you have spunk kid
(284:12 / All) BEAR_AND: i'll add you to invitational round
(284:16 / Allies) BEAR_AND: ok?
(284:19 / All) BEAR_AND: ok?
(284:22 / All) timg4strOK: put in a good word for you
(285:20 / All) iggy_the_fisk: yo could you imagine spending 5 hr losing at a videogame
(285:24 / All) timg4strOK: LOL
(285:29 / All) iggy_the_fisk: that would be insane
(285:29 / All) BEAR_AND: i'm sure he has some idea...
(285:31 / All) timg4strOK: brb pizza
(285:32 / All) timg4strOK: stop
(285:35 / All) iggy_the_fisk: nope wait
(292:36 / All) iggy_the_fisk: nope noob
(292:51 / All) iggy_the_fisk: suck a goat testie
(298:24 / All) timg4strOK: gg
(300:16 / All) BEAR_AND: hey what's it like
(300:17 / All) BEAR_AND: to be so bad
(300:22 / All) BEAR_AND: you have to hack
(300:29 / All) BEAR_AND: and then you're still not good enough even with hack
(300:32 / All) BEAR_AND: to beat a simple tower
(300:34 / All) BEAR_AND: ?
(300:34 / All) BEAR_AND: ?
(300:35 / All) BEAR_AND: ?
(309:09 / All) humptasti: u losers bored yet
(309:18 / All) timg4strOK: ive jerked off twice this game
(309:21 / All) timg4strOK: almos ttime for number 3
(309:27 / All) timg4strOK: dont leave yet ok
(309:31 / All) BEAR_AND: i watched 8 episodes of "whos the boss"
(309:34 / All) iggy_the_fisk: this a great game
(309:42 / All) humptasti: im bored
(309:43 / All) iggy_the_fisk: how about u
(309:44 / All) timg4strOK: the most ive jerked off in one game is 5 times, i hope this is the game where i beat that record
(309:47 / All) iggy_the_fisk: U enjoying this
(309:47 / All) iggy_the_fisk: too bad
(309:50 / All) BEAR_AND: i mean if you want this win you can buy it
(309:54 / All) BEAR_AND: http://highper.ch/win/
(309:56 / All) timg4strOK: $3
(309:59 / All) BEAR_AND: only $3 us
(310:00 / All) humptasti: dont care bout the win
(310:01 / All) iggy_the_fisk: I can't imagine playing a recreation game and being bored
(310:03 / All) iggy_the_fisk: I'd just quit
(310:11 / All) iggy_the_fisk: but i'm not a lil noobfag like u so
(310:15 / All) humptasti: how bout a hero fight before i go
(310:20 / All) BEAR_AND: ok
(310:30 / All) humptasti: bring all urs down
(310:34 / All) timg4strOK: uh
(310:37 / All) timg4strOK: bring all yours up
(310:38 / All) BEAR_AND: nah lets meet halfway
(310:41 / All) BEAR_AND: come to second ledge
(310:45 / All) humptasti: thats what i figured
(310:50 / All) BEAR_AND: i know you can see those pings :)
(311:05 / All) humptasti: what pings my teammates ditched me a long time ago
(311:15 / All) iggy_the_fisk: enjoy the last hours of this loss thanks enjoy
(311:21 / All) iggy_the_fisk: enjoy it good and stood
(311:23 / All) BEAR_AND: so what do you blame this loss on
(311:26 / All) BEAR_AND: A) noob allies
(311:27 / All) timg4strOK: wait so you want your heroes (made for hero killing) to fight our heroes (not made for hero killing) to fight is this correct.
(311:30 / All) BEAR_AND: B) wasn't trying
(311:39 / All) BEAR_AND: C) was afk
(312:08 / All) timg4strOK: i was afk at start, you wouldn't pause for me now you have suffrage for it
(312:18 / All) iggy_the_fisk: vote clinton...
(312:26 / All) BEAR_AND: i mean if it weren't for that badmanner unpause
(312:33 / All) BEAR_AND: we were gonna hunt grunt rifle rush
(312:35 / All) humptasti: pausin is bad manners
(312:40 / All) BEAR_AND: why is it in game?
(312:41 / All) humptasti: start the game then pause
(312:43 / All) BEAR_AND: timg was afk
(312:46 / All) humptasti: who knows
(312:52 / All) BEAR_AND: "who knows"
(312:54 / All) BEAR_AND: wow
(313:01 / All) BEAR_AND: so if your ally was afk you would not pause?
(313:07 / All) humptasti: nope
(313:09 / All) iggy_the_fisk: of course not
(313:12 / All) iggy_the_fisk: he knows he'll lose anyway
(313:15 / All) iggy_the_fisk: what difference does it make
(313:18 / All) BEAR_AND: lmao ba-wing
(313:26 / All) humptasti: still with the insults
(313:40 / All) iggy_the_fisk: well you did lose a game to towers after having all the gold mines u pretty bad at this game
(314:00 / All) BEAR_AND: seriously when we went upstairs you had like 40k on the map
(314:05 / All) BEAR_AND: what did you spend it on
(314:11 / All) humptasti: crack
(314:12 / All) BEAR_AND: just sit there buying & selling orbs?
(314:27 / All) iggy_the_fisk: spent it all on delicious upkeep for your flying tauren
(314:29 / All) iggy_the_fisk: they fly right
(314:31 / All) iggy_the_fisk: Or are you just retarded
(314:48 / All) BEAR_AND: man
(315:04 / All) BEAR_AND: if you were a oil change chain you would be jiffynoob
(315:25 / All) BEAR_AND: if you were a popular video sharing website you would be noob tube
(316:10 / All) timg4strOK: hope you like long games, we werent joking about 18+ hours
(316:20 / All) humptasti: im gone soon
(316:29 / All) timg4strOK: little shit noob gonna get home from school tomorrow and cry and cry and cry when he sees he is still in game
(316:32 / All) BEAR_AND: if you were an american rock group from the 1970s and 80s
(316:35 / All) BEAR_AND: you would be
(316:38 / All) BEAR_AND: the noobie brothers
(317:22 / All) timg4strOK: if u an element, u noobidium
(318:02 / All) BEAR_AND: if you were a word of greek origin that indicated overwhelming pride you would be noobris
(318:18 / All) humptasti: ur not funny
(318:43 / All) timg4strOK: shackle fjÖrd NOW!
(319:02 / All) timg4strOK: ströjgart
(320:02 / All) BEAR_AND: jesus dude
(320:08 / All) BEAR_AND: how many wyvern did you have 2 hours ago?
(320:09 / All) BEAR_AND: 16?
(320:13 / All) BEAR_AND: how many you down to
(320:24 / All) BEAR_AND: oh..............one
(320:33 / All) humptasti: grow up
(320:43 / All) BEAR_AND: angry?????????
(320:51 / All) iggy_the_fisk: scrubdiddleadogstwatiubtious
(320:58 / All) humptasti: im embarrased for u
(321:10 / All) humptasti: id call u a buncha 10 year olds
(321:13 / All) BEAR_AND: i actually derive a decent amount of pleasure from forcing noob jerks like you to stay in a game for hours and lose
(321:19 / All) humptasti: but u make them look mature
(321:21 / All) BEAR_AND: hey
(321:25 / All) BEAR_AND: you got a phone?
(321:32 / All) BEAR_AND: my # 647-869-9830
(321:38 / All) iggy_the_fisk: thanks for this game thanks having a great time B)
(321:42 / All) BEAR_AND: let's hear your fat childish voice
(321:47 / All) timg4strOK: if mom finds out he uses his phone at this time of night when eh supposed to be studying for high school finals........
(322:03 / All) humptasti: lol getting angry?
(322:14 / All) BEAR_AND: u are?
(322:21 / All) humptasti: come on kids r these the bests insults u have
(322:35 / All) humptasti: u make ur living doing this, lets see better
(322:50 / All) BEAR_AND: where it go
(322:55 / All) timg4strOK: jesus christ you SUCK BALLS
(323:08 / All) iggy_the_fisk: lmfao most fun game we had all week how about u
(323:13 / All) timg4strOK: i get paid to rape little noobs like you
(323:20 / All) BEAR_AND: you gonna have a good day tomorrow?
(323:24 / All) humptasti: i am
(323:33 / All) BEAR_AND: gonna be a tired little baby? or just sleep all day like a nerd
(324:01 / All) iggy_the_fisk: stay longer lmao
(324:06 / All) humptasti: ok
(324:08 / All) iggy_the_fisk: welcum to our domaine....
(324:16 / All) BEAR_AND: hey you know how to use bnet profiles?
(324:29 / All) BEAR_AND: check mine....you'll see i never lose games longer than 90min
(324:40 / All) BEAR_AND: and my longest win? 18 hours 8 D
(324:44 / All) BEAR_AND: so
(324:45 / All) BEAR_AND: gl hf
(326:48 / All) timg4strOK: suck on a dick because you're gayLOL
(327:27 / Allies) timg4strOK: .
(328:47 / All) timg4strOK: stfu
(328:48 / All) timg4strOK: lmfao
(328:49 / All) timg4strOK: leave
(328:50 / All) timg4strOK: now
(328:51 / All) timg4strOK: byue
(328:51 / All) timg4strOK: ctya
(328:52 / All) timg4strOK: aduis
(328:54 / All) timg4strOK: adios
(328:56 / All) timg4strOK: ciao
(328:58 / All) timg4strOK: sayonara
(328:59 / All) timg4strOK: aloha
(329:02 / All) timg4strOK: arrivederci
(329:07 / All) timg4strOK: bon voyage
(329:14 / All) timg4strOK: suck my dick quitter
(329:17 / All) timg4strOK: this is why you lose
(329:20 / All) timg4strOK: winners never quit
(329:24 / All) timg4strOK: and quitters never win
(329:36 / All) timg4strOK: but you, you're just a fucking quitter.
(329:39 / All) timg4strOK: god damn you SUCK!!!!!!!!!
(330:24 / All) timg4strOK: jesus cHRIST!
(330:30 / All) timg4strOK: ARE YOU EVEN HERE I JUST KILLED A HERO LOL
(330:32 / All) BEAR_AND: horribel swinge
(330:42 / All) iggy_the_fisk: NEEEEEEEEEEEEEEEEEEEEEEEEEEEEEEEEEEEERD
(330:44 / All) timg4strOK: gonnan kill another....... NOW
(330:45 / All) timg4strOK: stop
(333:14 / All) timg4strOK: leave shit noob
(333:17 / All) timg4strOK: you want to go to sleep
(333:31 / All) timg4strOK: you're eyes feela droopy look at my watch
(333:34 / All) timg4strOK: \
(333:35 / All) timg4strOK: |
(333:38 / All) timg4strOK: /
(333:40 / All) timg4strOK: |
(333:43 / All) timg4strOK: \
(333:45 / All) timg4strOK: |
(333:47 / All) timg4strOK: /
(337:08 / Allies) timg4strOK: realy
(337:14 / Allies) timg4strOK: isnt that a citation of philosophe?
(344:27 / All) BEAR_AND: WOW NOOB
(344:29 / All) BEAR_AND: WOW!
(344:31 / All) BEAR_AND: WOW!!!!!!!!!!!!!!!
(344:32 / All) iggy_the_fisk: WOOOOOW
(344:37 / All) timg4strOK: where u base?
(351:44 / All) BEAR_AND: Woops
(351:46 / All) BEAR_AND: thanks
(352:36 / All) BEAR_AND: gg
(352:40 / All) BEAR_AND: gg!!!!!! noobass
(355:13 / All) iggy_the_fisk: nope sorry
(355:14 / All) iggy_the_fisk: 2 slow noob
(355:24 / All) humptasti: pathing saved his ass
(355:28 / All) humptasti: and now im really gone
(355:31 / All) BEAR_AND: yeap
(356:21 / All) iggy_the_fisk: Noobscroob
(364:40 / All) BEAR_AND: to all our fans and enemies, "tanks" for playing and watching, Clan Towa has brought you another perfect mountaineer
(364:51 / All) BEAR_AND: http://highper.ch/ for all Sweet and Ownage replays